 Dungeon Crawl Stone Soup version 0.31-a0-1001-g770356a28f (webtiles) character file.

Game seed: 15592542144936320095

13147809 Jannitor the Archmage (level 27, 192/192 HPs)
             Began as a Deep Elf Delver on Nov 6, 2023.
             Was the Champion of Vehumet.
             Escaped with the Orb
             ... and 15 runes on Nov 8, 2023!
             The game lasted 07:11:04 (121967 turns).

Jannitor the Archmage (Deep Elf Delver)           Turns: 121967, Time: 07:11:04

Health: 192/192    AC: 18    Str: 17    XL:     27
Magic:  61/61      EV: 38    Int: 40    God:    Vehumet [******]
Gold:   14290      SH:  0    Dex: 33    Spells: 0/80 levels left

rFire   + + .        c - +3 Elemental Staff {ele, rElec rF+ rC+ AC+3}
rCold   + + +        r - orb {*channel}
rNeg    + + +        M - +5 moon troll leather armour {Spirit, Regen++ MP+5}
rPois   ∞            t - +0 mask of the Dragon {Will+ Slay+3 SInv}
rElec   +            o - +0 cloak "Keozxas" {Harm rC+ Dex+4}
rCorr   .            z - +0 pair of fencer's gloves {Riposte Dex+3}
SInv    +            K - +1 pair of boots of Wu Jian's Favour {rPois Dex+7 Stlth-}
Will    ++++.        B - amulet of the Air {Inacc Air Fly rElec RMsl}
Stlth   +            W - ring of Xom's Full Attention {Fire +Blink Str+3 Int+3 Stlth-}
HPRegen 2.12/turn    L - ring "Ygat" {rC+ Str+3 Int+6}
MPRegen 0.37/turn

%: inaccuracy (-5), harm (+30% outgoing, +20% incoming), repel missiles,
guardian spirit, channel magic (20%)
@: death-form, flying, studying Short Blades
A: vile attack, torment immunity, no potions, antennae 1
0: Orb of Zot
}: 15/15 runes: decaying, serpentine, slimy, silver, golden, iron, obsidian,
icy, bone, abyssal, demonic, glowing, magical, fiery, dark
a: Siphon Essence, Begin Untransformation, Renounce Religion, Evoke Blink


You escaped.
You worshipped Vehumet.
Vehumet was exalted by your worship.
You were an undying horror.
You visited 17 branches of the dungeon, and saw 86 of its levels.
You visited Pandemonium 1 time, and saw 11 of its levels.
You visited the Abyss 2 times.
You also visited: Bailey and Desolation.

You collected 18739 gold pieces.
You spent 4449 gold pieces at shops.

Inventory:

Hand Weapons
 c - the +3 Elemental Staff (weapon) {ele, rElec rF+ rC+ AC+3}
   (You took it off a deep elf pyromancer on level 5 of the Vaults)

   AC+3:      It affects your AC (+3).
   rF+:       It protects you from fire.
   rC+:       It protects you from cold.
   rElec:     It insulates you from electricity.
Armour
 e - the orb of Dispater {+Damnation *Corrode AC+5}
   (You took it off Dispater on level 7 of the Iron City of Dis)

   +Damnation: It grants the ability to hurl damnation at the cost of health and
   magic, with strength depending on Evocations skill.
   AC+5:      It affects your AC (+5).
   *Corrode:  It may corrode you when you take damage.
 o - the +0 cloak "Keozxas" (worn) {Harm rC+ Dex+4}
   (You acquired it on level 4 of the Snake Pit)

   Dex+4:     It affects your dexterity (+4).
   rC+:       It protects you from cold.
   Harm:      It increases damage dealt and taken.
 r - an orb of energy (worn)
 t - the +0 mask of the Dragon (worn) {Will+ Slay+3 SInv}
   (You found it on level 3 of the Elven Halls)

   Slay+3:    It affects your accuracy & damage with ranged weapons and melee
   (+3).
   Will+:     It increases your willpower.
   SInv:      It lets you see invisible.
 z - the +0 pair of fencer's gloves (worn) {Riposte Dex+3}
   (You found it on level 5 of the Vaults)

   Riposte:   It allows the wearer to riposte with melee weapons, swiftly
   retaliating against missed or blocked melee attacks.
   Dex+3:     It affects your dexterity (+3).
 K - the +1 pair of boots of Wu Jian's Favour (worn) {rPois Dex+7 Stlth-}
   (You found it in Pandemonium)

   Dex+7:     It affects your dexterity (+7).
   rPois:     It protects you from poison Stlth-: It makes you less stealthy.
 M - the +5 moon troll leather armour (worn) {Spirit, Regen++ MP+5}
   (You bought it in a shop on level 2 of the Orcish Mines)

   MP+5:      It affects your magic capacity (+5).
   Regen++:   It increases your rate of health regeneration.
Magical Staves
 j - the staff "Tirchuoll" {Fragile rC+ rN+++ rCorr Conj}
   (You found it on level 3 of the Crypt)

   [staff of conjuration]

   Base accuracy: +5 Base damage: 5 Base attack delay: 1.2 This weapon's minimum
   attack delay (0.6) is reached at skill level 12.
   rC+:       It protects you from cold.
   rN+++:     It renders you almost immune to negative energy.
   rCorr:     It protects you from acid and corrosion.
   Fragile:   It will be destroyed if unequipped.
   Conj:      It increases the power of your Conjurations spells.
   It falls into the 'Staves' category.
   It is a one-handed weapon.
 q - the staff of the Shifting Gods {rElec rPois rN+ Str+3 Int+4 Air}
   (You found it on level 3 of the Elven Halls)

   [staff of air]

   Base accuracy: +5 Base damage: 5 Base attack delay: 1.2 This weapon's minimum
   attack delay (0.6) is reached at skill level 12.
   Str+3:     It affects your strength (+3).
   Int+4:     It affects your intelligence (+4).
   rElec:     It insulates you from electricity.
   rPois:     It protects you from poison rN+: It protects you from negative
   energy.
   Air:       It increases the power of your Air spells.
   It falls into the 'Staves' category.
   It is a one-handed weapon.
Jewellery
 B - the amulet of the Air (around neck) {Inacc Air Fly rElec RMsl}
   (You took it off an orc warrior on level 2 of the Orcish Mines)

   [amulet of nothing]

   Inacc:     It reduces the accuracy of your attacks and spells.
   Air:       It enhances your air magic.
   rElec:     It insulates you from electricity.
   Fly:       It grants you flight.
   RMsl:      It protects you from missiles.
 J - a ring of magical power
 L - the ring "Ygat" (right hand) {rC+ Str+3 Int+6}
   (You took it off a frost giant on level 5 of the Vaults)

   [ring of intelligence]

   Str+3:     It affects your strength (+3).
   Int+6:     It affects your intelligence (+6).
   rC+:       It protects you from cold.
 W - the ring of Xom's Full Attention (left hand) {Fire +Blink Str+3 Int+3 Stlth-}
   (You took it off a deep elf high priest on level 3 of the Elven Halls)

   [ring of fire]

   Fire:      It enhances your fire magic.
   Str+3:     It affects your strength (+3).
   Int+3:     It affects your intelligence (+3).
   rF+:       It protects you from fire.
   rC-:       It makes you vulnerable to cold.
   +Blink:    It lets you blink.
   Stlth-:    It makes you less stealthy.
 Y - the ring of Sihauxar {Contam +Blink rC+ rCorr Str+5}
   (You took it off a seraph in Pandemonium)

   [ring of resist corrosion]

   Str+5:     It affects your strength (+5).
   rC+:       It protects you from cold.
   +Blink:    It lets you blink.
   Contam:    It causes magical contamination when unequipped.
   rCorr:     It protects you from acid and corrosion.
Talismans
 O - the talisman of death "Vuwn" (active) {rElec Int+3 Dex+3}
   (You found it on level 2 of the Orcish Mines)

   [talisman of death]

   Int+3:     It affects your intelligence (+3).
   Dex+3:     It affects your dexterity (+3).
   rElec:     It insulates you from electricity.
Wands
 d - a wand of roots (113)
 g - a wand of digging (30)
 D - a wand of charming (68)
 F - a wand of quicksilver (17)
 H - a wand of mindburst (49)
Scrolls
 b - 10 scrolls of fear
 f - 2 scrolls of butterflies
 h - 5 scrolls of brand weapon
 k - 45 scrolls of identify
 m - 8 scrolls of fog
 n - 14 scrolls of poison
 w - 15 scrolls of teleportation
 x - 6 scrolls of vulnerability
 y - 2 scrolls of blinking
 A - 7 scrolls of immolation
 E - 7 scrolls of enchant armour
 N - 3 scrolls of amnesia
 R - 3 scrolls of torment
 T - 4 scrolls of silence
Potions
 a - 8 potions of heal wounds
 i - 6 potions of cancellation
 l - 2 potions of invisibility
 p - 13 potions of mutation
 s - 14 potions of enlightenment
 v - 12 potions of ambrosia
 C - 3 potions of magic
 G - 5 potions of attraction
 I - 32 potions of curing
 P - 2 potions of haste
 S - 5 potions of resistance
 U - 8 potions of lignification
 V - 18 potions of might
 X - 6 potions of berserk rage
 Z - 12 potions of brilliance
Miscellaneous
 u - a figurine of a ziggurat
 Q - a condenser vane


   Skills:
 + Level 24.6 Fighting
 - Level 3.0 Short Blades
 - Level 12.0 Staves
 - Level 13.4 Armour
 + Level 21.3 Dodging
 - Level 6.3 Stealth
 O Level 27 Spellcasting
 O Level 27 Conjurations
 - Level 5.0 Summonings
 - Level 8.5 Necromancy
 - Level 5.6 Translocations
 + Level 23.9 Fire Magic
 + Level 24.7 Air Magic
 - Level 7.5 Earth Magic
 O Level 27 Evocations
 - Level 25.0 Shapeshifting


You couldn't memorise any spells.
You knew the following spells:

 Your Spells              Type           Power      Damage    Failure   Level
a - Magic Dart            Conj           100%       1d8       1%          1
b - Blink                 Tloc           100%       N/A       1%          2
c - Lehudib's Crystal Sp  Conj/Erth      68%        10d16     2%          8
d - Orb of Destruction    Conj           66%        9d16      1%          7
e - Spellforged Servitor  Conj/Summ      55%        N/A       1%          7
f - Conjure Ball Lightni  Conj/Air       91%        3x3d35    1%          6
g - Iskenderun's Mystic   Conj/Tloc      100%       2d19      1%          4
h - Fireball              Conj/Fire      91%        3d33      1%          5
i - Iskenderun's Battles  Conj           100%       2d15      1%          5
j - Arcjolt               Conj/Air       91%        1d101     1%          5
k - Sublimation of Blood  Necr           89%        N/A       1%          2
l - Plasma Beam           Fire/Air       100%       2x1d120   1%          6
m - Manifold Assault      Tloc           78%        N/A       3%          4
n - Chain Lightning       Conj/Air       91%        3d122     1%          9
o - Fire Storm            Conj/Fire      91%        8d23      1%          9

Your spell library contained the following spells:

 Spells                   Type           Power      Damage    Failure   Level
 Apportation              Tloc           100%       N/A       1%          1
 Foxfire                  Conj/Fire      100%       2x1d9     1%          1
 Freeze                   Ice            100%       1d10      1%          1
 Kiss of Death            Conj/Necr      100%       2d13      1%          1
 Necrotise                Necr           100%       1d9       1%          1
 Sandblast                Erth           100%       2d20      1%          1
 Shock                    Conj/Air       100%       1d9       1%          1
 Summon Small Mammal      Summ           100%       N/A       1%          1
 Call Imp                 Summ           100%       N/A       1%          2
 Cigotuvi's Dreadful Rot  Necr/Pois/Air  100%       N/A       1%          2
 Lesser Beckoning         Tloc           100%       N/A       1%          2
 Momentum Strike          Conj/Tloc      100%       3d10      1%          2
 Passwall                 Tmut/Erth      75%        N/A       1%          2
 Scorch                   Fire           100%       2d9       1%          2
 Searing Ray              Conj           100%       2d8       1%          2
 Static Discharge         Conj/Air       100%       3-8/arc   1%          2
 Call Canine Familiar     Summ           76%        N/A       1%          3
 Dazzling Flash           Conj/Hex       100%       N/A       1%          3
 Frozen Ramparts          Ice            100%       1d16      1%          3
 Hailstorm                Conj/Ice       100%       3d20      1%          3
 Ignite Poison            Fire/Tmut/Pois 100%       N/A       1%          3
 Inner Flame              Hex/Fire       100%       N/A       1%          3
 Mephitic Cloud           Conj/Pois/Air  100%       N/A       1%          3
 Stone Arrow              Conj/Erth      100%       3d13      1%          3
 Swiftness                Air            100%       N/A       1%          3
 Vampiric Draining        Necr           89%        2d12      1%          3
 Volatile Blastmotes      Fire/Tloc      100%       2d18      1%          3
 Airstrike                Air            90%        2d(13-29) 1%          4
 Animate Dead             Necr           89%        N/A       1%          4
 Brom's Barrelling Bould  Conj/Erth      100%       2d11      1%          4
 Dispel Undead            Necr           89%        3d28      1%          4
 Flame Wave               Conj/Fire      100%       2d21      1%          4
 Fulminant Prism          Conj/Hex       52%        3d23      1%          4
 Sticky Flame             Conj/Fire      100%       2d11      1%          4
 Summon Lightning Spire   Summ/Air       100%       N/A       1%          4
 Vhi's Electric Charge    Tloc/Air       100%       N/A       1%          4
 Freezing Cloud           Conj/Ice/Air   95%        6-21      1%          5
 Irradiate                Conj/Tmut      52%        3d29      1%          5
 Lee's Rapid Deconstruct  Erth           53%        3d25*     1%          5
 Silence                  Hex/Air        74%        N/A       1%          5
 Bombard                  Conj/Erth      68%        9d11      1%          6
 Starburst                Conj/Fire      91%        6d23      1%          6
 Ignition                 Fire           89%        3d23      1%          8
 Maxwell's Capacitive Co  Air            90%        ∞         1%          8
 Agony                    Necr           89%        N/A       2%          5
 Sting                    Tmut/Pois      100%       1d8       3%          1
 Ensorcelled Hibernation  Hex/Ice        100%       N/A       3%          2
 Jinxbite                 Hex            100%       N/A       3%          2
 Summon Guardian Golem    Hex/Summ       65%        N/A       3%          3
 Olgreb's Toxic Radiance  Pois           52%        N/A       3%          4
 Passage of Golubria      Tloc           78%        N/A       3%          4
 Borgnjor's Vile Clutch   Necr/Erth      54%        N/A       3%          5
 Anguish                  Hex/Necr       36%        N/A       4%          4
 Leda's Liquefaction      Hex/Erth       45%        N/A       4%          4
 Petrify                  Tmut/Erth      90%        N/A       4%          4
 Confusing Touch          Hex            52%        N/A       5%          3
 Ozocubu's Armour         Ice            69%        N/A       5%          3
 Sigil of Binding         Hex            52%        N/A       5%          3
 Dimensional Bullseye     Hex/Tloc       33%        N/A       5%          4
 Summon Forest            Summ/Tloc      38%        N/A       5%          5
 Yara's Violent Unravell  Hex/Tmut       26%        3d11      7%          5
 Death Channel            Necr           44%        N/A       7%          6
 Cause Fear               Hex            26%        N/A       12%         4
 Summon Mana Viper        Hex/Summ       65%        N/A       12%         5
 Dispersal                Tloc           39%        N/A       16%         6
 Summon Cactus Giant      Summ           38%        N/A       19%         6
 Alistair's Intoxication  Tmut/Pois      34%        N/A       24%         5
 Metabolic Englaciation   Hex/Ice        34%        N/A       24%         5
 Eringya's Noxious Bog    Tmut/Pois      26%        4d6       24%         6
 Simulacrum               Ice/Necr       46%        N/A       24%         6
 Haunt                    Necr/Summ      41%        N/A       38%         7
 Malign Gateway           Summ/Tloc      38%        N/A       56%         7
 Summon Hydra             Summ           38%        N/A       58%         7
 Ozocubu's Refrigeration  Ice            34%        4d15      71%         7
 Borgnjor's Revivificati  Necr           44%        N/A       77%         8
 Infestation              Necr           44%        N/A       77%         8
 Disjunction              Tloc           39%        N/A       98%         8
 Enfeeble                 Hex            26%        N/A       99%         7
 Summon Horrible Things   Summ           38%        N/A       99%         8
 Shatter                  Erth           53%        3d40*     99%         9
 Death's Door             Necr           44%        N/A       100%        9
 Dragon's Call            Summ           38%        N/A       100%        9
 Polar Vortex             Ice            34%        12d4*     100%        9


Dungeon Overview and Level Annotations

Branches:
Dungeon (15/15)            Temple (0/1) D:4            Lair (5/5) D:9
  Swamp (4/4) Lair:3        Snake (4/4) Lair:2        Slime (5/5) Lair:5
    Orc (2/2) D:11            Elf (3/3) Orc:2        Vaults (5/5) D:14
  Crypt (3/3) Vaults:2       Tomb (3/3) Crypt:3      Depths (4/4) D:15
   Hell (visited)             Dis (7/7) Hell            Geh (7/7) Hell
    Coc (7/7) Hell            Tar (7/7) Hell            Zot (5/5) Depths:4
 Bailey (visited)         Desolation (visited)

Altars:
Ashenzari
Cheibriados
Dithmenos
Elyvilon
Gozag
Hepliaklqana
Kikubaaqudgha
Ru
Sif Muna
Vehumet
Xom
Zin
The Shining One
Jiyva

Shops:
D:12 [   D:15 :=!:!   Orc:1 [   Orc:2 *[(=[   Snake:3 :=::   Vaults:4 :
Depths:2 [=:?   Depths:3 *

Portals:
Hell: Depths:1 Depths:2 Depths:3 Depths:4
Abyss: Depths:3
Pandemonium: Depths:2
Ziggurat: Depths:1

Annotations:
D:1 Natasha
D:5 exclusion: black bear, Sigmund
D:6 Blork the orc, Jeremiah
D:7 exclusions: black bear, sky beast and wyvern
D:8 Erica
D:9 exclusions: troll and two-headed ogre
Snake:2 6 transporters
Snake:4 1 runed translucent door, Terghogha's ghost, journeyman DgSh
Vaults:2 2 transporters, ragingrage's ghost, veteran HOFi
Zot:3 2 transporters


Innate Abilities, Weirdness & Mutations

You are an undying horror.
Your melee and unarmed attacks drain, slow and weaken victims.
You are immune to unholy pain and torment.
You cannot drink.
You are immune to poison.
You have a pair of small antennae on your head.


Message History

Natasha is charmed.
Unknown command.
There is a stone staircase leading up here.
You fly upwards.
There is a stone staircase leading down here.
Unknown command.
You swap places.
There is a stone staircase leading up here.
You fly upwards.
There is a stone staircase leading down here.
There is an open door here.
An Ice Fiend comes into view.
Casting: Fireball (safe; 1% risk of failure)
Confirm with . or Enter, or press ? or * to list all spells.
Aiming: Fireball (safe; 1% risk of failure)
Press: ? - help, Shift-Dir - straight line, f - Ice Fiend
Aim: an Ice Fiend You feel a strong surge of power!
The fireball explodes!
The fireball engulfs the Ice Fiend!!!!
The Ice Fiend is burned terribly!
The Ice Fiend is almost dead.
Unknown command.
Casting: Fireball (safe; 1% risk of failure)
Confirm with . or Enter, or press ? or * to list all spells.
Aiming: Fireball (safe; 1% risk of failure)
Press: ? - help, Shift-Dir - straight line, f/p - Ice Fiend
Aim: an Ice Fiend (almost dead, ally target)
You feel a strong surge of power!
The fireball explodes!
The fireball engulfs the Ice Fiend!!!
The Ice Fiend is burned terribly!
You kill the Ice Fiend!
Vehumet accepts your kill.
You feel your power returning. Magical energy flows into your mind!
Natasha is no longer charmed.
Natasha completely misses you.
You riposte.
You barely miss Natasha.
Aiming: Charm
Press: ? - help, Shift-Dir - straight line, f - Natasha
Aim: Natasha (chance to affect: 86%) Natasha is charmed.
There is an open door here.
There is a staircase leading out of the dungeon here.
You have escaped!

#...# #.......# #...# ##.. #...#
#.......# #...# ### #...#
#.......# #...# # #...#
######.....(.# #...# # #...#
#............# #...# #
#...####.####.......# ##### #
...........##.......# ########
#...####.#.#####h#### #......#
....# #.#.# #z# #†####.# ###.#
#.#.# ##'# #.##.#.# #.# #.#.#
#..# #....#.#
###.####.#.####.#############.#.#
#......#.#.##...................#
#......#...##.#########.......###
#......######.# #.#########
.......# #.# #.......... #......#
#.# ####.#####.


You could see the friendly Natasha (charmed).

Vanquished Creatures
  Cerebov (Pan)
  Antaeus (Coc:7)
  Asmodeus (Geh:7)
  the Royal Jelly (Slime:5)
  Gloorx Vloq (Pan)
  Ereshkigal (Tar:7)
  A seraph (Pan)
  the Serpent of Hell (Coc:7)
  Mnoleg (Pan)
  Lom Lobon (Pan)
  Dispater (Dis:7)
  3 orbs of fire (Zot:5)
  8 dread liches
  7 ancient liches
  Mennas (Vaults:3)
  Mara (Depths:2)
  6 juggernauts
  35 royal mummies
  32 shard shrikes
  5 Killer Klowns
  A curse toe (Zot:5)
  8 golden dragons
  19 caustic shrikes
  5 pandemonium lords (Pan)
  Saint Roka (Crypt:1)
  Nikola (Vaults:3)
  Geryon (Hell)
  Norris (Vaults:3)
  A pearl dragon (Pan)
  22 profane servitors
  the Enchantress (Depths:2)
  23 bone dragons
  14 Brimstone Fiends
  12 iron giants
  18 Tzitzimimeh
  9 hellephants
  8 doom hounds
  2 electric golems
  16 Hell Sentinels
  23 tainted leviathans
  Jorgrun (Snake:1)
  27 Orb Guardians
  27 tentacled monstrosities
  11 liches
  22 Ice Fiends
  A walking crystal tome (Depths:3)
  9 quicksilver dragons
  28 titans
  A walking frostbound tome (Depths:3)
  10 sphinxes
  2 deep elf blademasters (Elf:3)
  A deep elf master archer (Elf:3)
  22 searing wretches
  30 acid blobs
  23 Executioners
  54 ancient champions
  17 shadow dragons
  A thorn hunter (Swamp:4)
  Kirke (Swamp:4)
  19 storm dragons
  9 tengu reavers
  29 azure jellies
  4 nagarajas (Snake:4)
  10 death cobs
  17 rockslimes
  9 draconian knights
  8 draconian monks
  12 daevas (Pan)
  7 revenants
  17 narguns
  10 vault wardens
  3 demonspawn warmongers
  14 fire giants
  7 ghost moths
  17 quicksilver elementals
  5 iron dragons
  36 balrugs
  7 shard shrike simulacra
  8 draconian shifters
  5 curse skulls
  4 spectral caustic shrikes
  5 deep elf sorcerers
  10 frost giants
  9 draconian scorchers
  A spectral juggernaut (Tar:4)
  A juggernaut zombie (Crypt:2)
  2 orc warlords (Orc:2)
  29 angels
  6 ghouls
  6 deep elf elementalists
  13 draconian annihilators
  9 cacodemons
  A draconian stormcaller (Zot:4)
  4 spriggan defenders
  5 demonspawn blood saints (Pan)
  22 war gargoyles
  9 formless jellyfish
  12 quicksilver oozes
  4 demonspawn corrupters
  14 ironbound preservers
  12 stone giants
  37 very ugly things
  24 elemental wellsprings
  7 ironbound thunderhulks
  20 green draconians
  10 ophanim (Pan)
  15 reapers
  2 juggernaut skeletons
  31 putrid mouths
  Nessos (Lair:3)
  10 bennus
  14 lorocyprocas
  9 vampire knights
  18 apis (Pan)
  6 demonspawn black suns (Pan)
  9 deep elf demonologists (Elf:3)
  21 purple draconians
  12 deep elf annihilators
  9 dire elephants
  8 bunyips
  6 eleionomae
  22 black draconians
  19 wendigos
  6 spark wasps
  3 halazid warlocks
  18 red draconians
  18 iron golems
  14 white draconians
  3 spectral titans
  6 deep elf death magi
  20 yellow draconians
  19 mummy priests
  7 blizzard demons
  3 crystal guardians
  A shambling mangrove (Swamp:3)
  3 quicksilver dragon zombies
  9 eidola
  10 green deaths (Pan)
  A spectral quicksilver dragon (Tar:4)
  A spectral iron giant (Tar:2)
  7 ettins
  A merfolk impaler (Depths:1)
  5 ragged hierophants (Desolation)
  16 yaktaur captains
  8 deep elf high priests
  5 fire dragons
  2 spectral krakens (Tar:7)
  A spectral fenstrider witch (Tar:1)
  8 ice dragons
  6 jiangshi
  5 hell beasts
  14 great orbs of eyes
  2 entropy weavers
  A fenstrider witch zombie (Crypt:3)
  9 rakshasas
  25 vault guards
  2 spriggan zombies
  7 peacekeepers
  11 salamander tyrants
  Fannar (D:12)
  7 caustic shrike simulacra
  Erolcha (D:11)
  5 servants of whispers (Desolation)
  9 alligators
  4 spectral spriggans
  5 death knights
  5 juggernaut simulacra
  13 spriggan air magi
  8 ironbound frosthearts
  7 boulder beetles
  12 anacondas
  2 spectral stone giants
  9 two-headed ogres
  22 hydras
  2 ogre magi
  An azure jelly zombie (Crypt:1)
  44 dancing weapons
  15 naga warriors
  23 centaur warriors
  8 stokers
  2 deep troll shamans
  A satyr (shapeshifter) (Depths:3)
  3 spriggan skeletons
  109 death scarabs
  2 tengu warriors
  10 deep troll earth magi
  A sphinx skeleton (Vaults:2)
  4 spriggan berserkers
  4 thrashing horrors (Abyss:3)
  11 demonic crawlers
  64 hell hogs
  5 spectral nagas
  4 shock serpents
  A spectral dire elephant (Tar:3)
  5 occultists
  12 hell knights
  A titan zombie (Tomb:3)
  15 naga sharpshooters
  6 vampire magi
  35 soul eaters
  33 sun demons
  2 wretched stars (Abyss:3)
  A titan skeleton (Abyss:3)
  16 deep elf knights
  11 crystal echidnas
  3 iron trolls
  32 skeletal warriors
  3 goliath frogs
  6 skysharks
  6 salamander mystics
  11 sixfirhies
  3 spectral anacondas
  12 shadow wraiths
  An anaconda zombie (Crypt:2)
  7 flayed ghosts
  2 sea snakes (Snake:3)
  4 shadow demons
  38 deep trolls
  8 bog bodies
  13 cherubim (Pan)
  6 naga ritualists
  5 quicksilver dragon simulacra
  6 glowing orange brains
  3 spriggan druids
  A bunyip skeleton (Pan)
  4 spriggan simulacra
  2 storm dragon skeletons (Pan)
  4 anaconda skeletons
  12 deep elf archers
  22 deep elf zephyrmancers
  2 starcursed masses (Abyss:3)
  12 swamp dragons
  An orange crystal statue (Zot:5)
  A wolf spider zombie (Crypt:2)
  20 phantasmal warriors
  21 deep elf pyromancers
  9 lindwurms
  10 arcanists
  16 ironbound convokers
  8 orc knights
  9 mana vipers
  A harpy (Vaults:1)
  9 necromancers
  2 fire giant zombies (Depths:3)
  6 orc sorcerers
  An iron dragon zombie (Tomb:1)
  5 cyclopes
  2 alligator zombies (Hell)
  A shadow dragon skeleton (Depths:3)
  4 draconians (Abyss:3)
  A stone giant zombie (Vaults:2)
  10 shining eyes
  9 elephants
  An oklob plant (Lair:2)
  A mana viper (shapeshifter) (Vaults:2)
  13 salamanders
  41 ugly things
  5 will-o-the-wisps
  3 manticores
  17 moths of wrath
  A frost giant skeleton (Depths:3)
  2 stone giant skeletons
  A spectral centaur (Tar:1)
  5 nameless horrors
  9 guardian serpents
  4 human skeletons (Vaults:2)
  2 centaur zombies
  5 rust devils
  A torpor snail (Lair:2)
  4 eyes of devastation
  2 elf zombies
  3 ice statues
  38 smoke demons
  4 naga skeletons
  30 black mambas
  16 hellions
  A gargoyle (D:12)
  27 naga magi
  7 titan simulacra
  19 cane toads
  13 molten gargoyles
  16 vault sentinels
  2 elf skeletons (Vaults:2)
  A green draconian zombie (Crypt:3)
  18 orange demons
  4 alligator snapping turtle skeletons
  4 dire elephant skeletons
  7 komodo dragons
  2 elephant slug zombies
  A rime drake (shapeshifter) (D:13)
  11 spectral swamp worms (Tar:7)
  A kobold demonologist (Bailey)
  An orb spider zombie (Crypt:1)
  2 sea snake zombies (Hell)
  A death yak zombie (Crypt:2)
  13 freezing wraiths
  Maggie (D:6)
  4 centaur skeletons
  8 efreet
  8 iron giant simulacra
  2 tengu conjurers
  2 anaconda simulacra
  6 rime drakes
  25 tormentors
  4 bunyip simulacra
  25 yaktaurs
  2 minotaur skeletons
  An ice devil (Pan)
  4 hydra zombies
  2 yaktaur skeletons (Vaults:2)
  An ancient zyme (Abyss:3)
  A harpy zombie (Tomb:3)
  46 guardian mummies
  5 spectral harpies
  5 tyrant leeches
  14 wind drakes (Pan)
  An iron troll skeleton (Crypt:1)
  2 tarantellas (Vaults:1)
  9 trolls
  2 bloated husks
  2 red devils
  3 harpy skeletons (Pan)
  2 silent spectres
  6 meliai
  18 hellwings (Pan)
  4 polar bears
  9 hornets
  2 glass eyes
  10 blink frogs
  38 large abominations
  4 raiju (Abyss:3)
  10 dream sheep
  2 iron dragon simulacra
  A stone giant simulacrum (Coc:2)
  43 saltlings
  An ice dragon skeleton (Pan)
  2 air elementals
  53 flying skulls
  9 ynoxinuls
  2 ettin skeletons
  2 shadows
  3 centaur simulacra
  2 vampires
  119 slime creatures
  18 spriggans
  9 wraiths
  10 ushabtiu
  2 wyverns
  3 fire elementals
  22 yaks
  8 dire elephant simulacra
  6 water elementals
  6 hogs
  11 golden eyes
  7 basilisks
  An alligator snapping turtle simulacrum (Coc:2)
  24 chaos spawn
  A minotaur simulacrum (Coc:2)
  13 neqoxecs
  31 vampire mosquitoes
  2 redbacks
  18 harpy simulacra
  49 nagas
  5 wargs
  2 acid dragons
  11 swamp worms
  2 naga zombies
  6 hydra simulacra
  15 water moccasins
  3 hell hounds (Hell)
  A glowing shapeshifter skeleton (Vaults:2)
  2 merfolk skeletons (Crypt:1)
  3 black bears
  An ice beast (D:3)
  58 orc warriors
  A sky beast (D:6)
  9 swamp drakes
  4 ettin simulacra
  A fire dragon simulacrum (Coc:1)
  9 ogres
  5 boggarts
  20 wolves
  24 centaurs
  A centaur (shapeshifter) (Vaults:5)
  3 kobold brigands
  A phantom (D:4)
  A hog skeleton (Crypt:2)
  A fire crab zombie (Crypt:2)
  15 bullfrogs
  A komodo dragon zombie (Crypt:2)
  4 scorpions
  2 necrophages (Crypt:2)
  6 earth elementals
  4 naga simulacra
  3 small abominations
  3 wights (D:9)
  10 killer bees
  3 howler monkeys
  6 electric eels
  A jelly (D:7)
  6 hounds
  15 orc priests
  A gnoll bouda (D:6)
  3 iguanas
  A sleepcap (D:6)
  A boggart zombie (D:15)
  10 hell rats (Hell)
  16 orc wizards
  54 mummies
  13 gnolls
  11 adders
  A river rat (D:6)
  A steam dragon zombie (Crypt:2)
  A shadow imp (Pan)
  17 white imps
  4 ufetubi
  A jelly zombie (Crypt:3)
  An adder skeleton (Crypt:1)
  4 worms
  2 dart slugs (D:2)
  78 orcs
  5 ball pythons
  9 endoplasms
  3 giant cockroaches
  A gnoll zombie (Crypt:3)
  19 goblins
  13 hobgoblins
  4 jackals
  22 kobolds
  7 quokkas
  4 bats
  A frilled lizard (D:1)
  10 rats
  4 ball lightnings (Pan)
  6 creeping infernos
  2 fire vortices
  A lurking horror (Abyss:3)
4262 creatures vanquished.

Vanquished Creatures (collateral kills)
  An orb of fire (Zot:4)
  A tentacled monstrosity (Zot:5)
  Zenata (Elf:3)
  5 Hell Sentinels
  A lich (Vaults:1)
  3 vault wardens
  An orc warlord (Vaults:3)
  2 ironbound preservers
  An ironbound thunderhulk (Vaults:2)
  2 dire elephants (Vaults:2)
  A halazid warlock (Desolation)
  An ettin (Depths:1)
  An entropy weaver (Vaults:1)
  A yaktaur captain (Vaults:1)
  4 servants of whispers (Desolation)
  4 ragged hierophants (Desolation)
  3 peacekeepers (Desolation)
  An ogre mage (Vaults:5)
  3 centaur warriors (Vaults:1)
  2 two-headed ogres (Vaults:5)
  A hell knight (Vaults:2)
  A thrashing horror (Abyss:3)
  A wretched star (Abyss:3)
  5 deep trolls
  2 ironbound convokers
  3 lindwurms (Vaults:2)
  An orc knight (Vaults:3)
  A deep elf zephyrmancer (Elf:1)
  An ugly thing (Vaults:3)
  A moth of wrath (Zot:5)
  A draconian (Abyss:3)
  A molten gargoyle (Desolation)
  A freezing wraith (Vaults:3)
  A yaktaur (Vaults:3)
  27 saltlings (Desolation)
  3 slime creatures
  2 redbacks
  An elf skeleton (Vaults:2)
  A human skeleton (Vaults:2)
  An ogre (Vaults:5)
  5 mummies (Tomb:1)
100 creatures vanquished.

Vanquished Creatures (others)
  A tengu reaver (Vaults:5)
  A shard shrike simulacrum (Coc:7)
  A dire elephant (Vaults:3)
  An iron golem (Dis:2)
  A boulder beetle (Lair:3)
  A deep troll (Vaults:1)
  An ironbound convoker (Vaults:5)
  A deep elf zephyrmancer (Elf:1)
  A guardian serpent (Desolation)
  A yaktaur (Vaults:3)
  2 wind drakes (Pan)
  A human (Swamp:4)
  31 ball lightnings
  A butterfly (Depths:3)
  46 fire vortices
  4 foxfires
95 creatures vanquished.

Grand Total: 4457 creatures vanquished

Notes
Turn   | Place    | Note
-------+----------+-------------------------------------------
     0 | D:5      | Jannitor the Deep Elf Delver began the quest for the Orb.
     0 | D:5      | Reached XP level 1. HP: 13/13 MP: 3/3
    74 | D:5      | Noticed an iguana
    74 | D:5      | Noticed an orc wizard
    88 | D:5      | Noticed a hound
   104 | D:6      | Noticed a sky beast
   197 | D:5      | Noticed an iguana
   309 | D:5      | Noticed a hound
   446 | D:5      | Found a radiant altar of Vehumet.
   453 | D:5      | Became a worshipper of Vehumet
   478 | D:5      | Noticed an orc wizard
   480 | D:5      | Noticed an orc wizard
   517 | D:3      | Noticed an ice beast
   531 | D:4      | Noticed Natasha
   723 | D:3      | Reached XP level 2. HP: 10/18 MP: 4/4
  1296 | D:1      | Reached XP level 3. HP: 22/22 MP: 5/5
  1362 | D:1      | Reached * piety under Vehumet
  1362 | D:1      | Offered knowledge of Magic Dart by Vehumet.
  1375 | D:1      | Learned a level 1 spell: Magic Dart
  2399 | D:2      | Found a faded altar of an unknown god.
  2471 | D:2      | Reached skill level 1 in Conjurations
  3051 | D:3      | Reached XP level 4. HP: 27/27 MP: 5/7
  3244 | D:3      | Reached skill level 1 in Spellcasting
  3617 | D:3      | Learned a level 2 spell: Blink
  3671 | D:3      | Reached XP level 5. HP: 30/32 MP: 9/9
  4042 | D:4      | Found a snail-covered altar of Cheibriados.
  4212 | D:5      | Reached ** piety under Vehumet
  4214 | D:5      | Offered knowledge of Static Discharge by Vehumet.
  4223 | D:5      | Learned a level 2 spell: Static Discharge
  4286 | D:5      | Reached XP level 6. HP: 14/37 MP: 3/11
  4954 | D:5      | Reached XP level 7. HP: 20/41 MP: 13/13
  5083 | D:5      | Noticed Sigmund
  5499 | D:6      | Found a glowing silver altar of Zin.
  5501 | D:6      | Found an ancient bone altar of Kikubaaqudgha.
  5501 | D:6      | Found a sacrificial altar of Ru.
  5504 | D:6      | Found a broken altar of Ashenzari.
  5544 | D:6      | Noticed Maggie
  5739 | D:6      | Reached skill level 1 in Staves
  5894 | D:6      | Noticed Blork the orc
  5968 | D:6      | Noticed Jeremiah
  6123 | D:7      | Reached skill level 5 in Conjurations
  6224 | D:7      | Noticed a wyvern
  6292 | D:7      | Reached skill level 5 in Dodging
  6633 | D:7      | Offered knowledge of Ignite Poison by Vehumet.
  6707 | D:7      | Reached XP level 8. HP: 48/48 MP: 13/16
  7180 | D:6      | Found a shimmering altar of Xom.
  7256 | D:6      | Reached *** piety under Vehumet
  7319 | D:6      | Killed Maggie
  7320 | D:6      | Reached skill level 5 in Spellcasting
  8256 | D:8      | Noticed Erica
  8403 | D:8      | Reached XP level 9. HP: 23/52 MP: 19/19
  8903 | D:8      | Noticed a two-headed ogre
  8925 | D:8      | Reached skill level 1 in Armour
  9141 | D:9      | Gained mutation: Your spells are a little harder to cast,
                  | but a little more powerful. [potion of mutation]
  9166 | D:9      | Reached skill level 5 in Staves
  9167 | D:9      | Found a shadowy altar of Dithmenos.
  9168 | D:9      | Found a hazy altar of Hepliaklqana.
  9196 | D:9      | Found a flagged portal.
  9206 | Bailey   | Entered a bailey
  9258 | Bailey   | Offered knowledge of Stone Arrow by Vehumet.
  9263 | Bailey   | Learned a level 3 spell: Stone Arrow
  9328 | Bailey   | Reached skill level 5 in Fighting
  9956 | Bailey   | Identified the +4 spear "Namyewn" {freeze, rElec}
  9956 | Bailey   | Noticed a kobold demonologist
  9964 | Bailey   | Killed a kobold demonologist
  9964 | Bailey   | Reached **** piety under Vehumet
 10549 | Bailey   | Reached XP level 10. HP: 59/59 MP: 15/22
 10583 | Bailey   | Noticed an orc high priest
 10691 | Bailey   | Found an iron altar of Okawaru.
 10720 | Bailey   | Offered knowledge of Lee's Rapid Deconstruction by Vehumet.
 10728 | Bailey   | Learned a level 5 spell: Lee's Rapid Deconstruction
 10736 | Bailey   | Acquired a staff of conjuration
 10933 | D:9      | Noticed a two-headed ogre
 11294 | D:9      | Found a staircase to the Lair.
 11297 | D:9      | Reached skill level 1 in Evocations
 11353 | D:9      | Acquired the +2 pair of boots of Nessup {rElec Str-2 Int+2
                  | Stlth+}
 12066 | Lair:1   | Entered Level 1 of the Lair of Beasts
 12170 | Lair:1   | Acquired 811 gold pieces
 12529 | Lair:1   | Noticed a cane toad
 12530 | Lair:1   | Noticed a black mamba
 12999 | Lair:2   | Noticed a torpor snail
 13132 | Lair:2   | Noticed an oklob plant
 13148 | Lair:2   | Noticed a cane toad
 13214 | Lair:2   | Noticed a six-headed hydra
 13476 | Lair:2   | Reached XP level 11. HP: 64/64 MP: 21/25
 13798 | Lair:2   | Found a staircase to the Snake Pit.
 13827 | Lair:2   | Reached skill level 5 in Armour
 14327 | Lair:2   | Killed a six-headed hydra
 14429 | Lair:3   | Noticed a boulder beetle
 14719 | Lair:3   | Identified the +9 rapier of the Warrior {pain, Contam
                  | +Blink rCorr SInv}
 14938 | Lair:3   | Noticed a boulder beetle
 14946 | Lair:3   | Killed a boulder beetle
 15181 | Lair:3   | Noticed Nessos
 15196 | Lair:3   | Found a staircase to the Swamp.
 15439 | Lair:4   | Noticed a lindwurm
 15446 | Lair:4   | Reached ***** piety under Vehumet
 15547 | Lair:4   | Offered knowledge of Conjure Ball Lightning by Vehumet.
 15555 | Lair:4   | Learned a level 6 spell: Conjure Ball Lightning
 15588 | Lair:4   | Reached XP level 12. HP: 60/71 MP: 1/27
 15801 | Lair:4   | Reached skill level 5 in Evocations
 16170 | Lair:4   | Identified the of Asmearupt (You acquired it on level 4 of
                  | the Lair of Beasts)
 16170 | Lair:4   | Acquired Jannitor's Grimoire of the Non-Euclidean Fifth
                  | Circle
 16177 | Lair:4   | Learned a level 4 spell: Iskenderun's Mystic Blast
 16398 | Lair:4   | Learned a level 5 spell: Fireball
 17182 | Lair:5   | Entered Level 5 of the Lair of Beasts
 17557 | Lair:5   | Noticed a six-headed hydra
 17666 | Lair:5   | Reached skill level 10 in Staves
 17666 | Lair:5   | Reached skill level 10 in Spellcasting
 17668 | Lair:5   | Noticed a boulder beetle
 18211 | D:10     | Entered Level 10 of the Dungeon
 18456 | D:10     | Reached skill level 10 in Conjurations
 18794 | D:10     | Reached skill level 1 in Translocations
 18982 | D:10     | Found an opulent altar of Gozag.
 19292 | D:11     | Noticed Erolcha
 20071 | Lair:3   | Killed a boulder beetle
 20072 | Lair:3   | Reached XP level 13. HP: 57/77 MP: 4/29
 20321 | Lair:3   | Offered knowledge of Iskenderun's Battlesphere by Vehumet.
 20328 | Lair:3   | Learned a level 5 spell: Iskenderun's Battlesphere
 21590 | Lair:5   | Identified the +7 hand axe "Tormentor" {freeze, rElec Int+3
                  | SInv}
 22023 | Lair:5   | Reached skill level 10 in Dodging
 22602 | Lair:5   | Found a viscous altar of Jiyva.
 22603 | Lair:5   | Found a staircase to the Slime Pits.
 23200 | D:11     | Killed Erolcha
 23493 | D:11     | Identified the +0 ring mail "Cueriuma" {Harm Rampage Str-5
                  | SInv}
 23568 | D:11     | Found a staircase to the Orcish Mines.
 23587 | D:11     | Reached XP level 14. HP: 84/84 MP: 18/31
 23924 | Orc:1    | Entered Level 1 of the Orcish Mines
 23986 | Orc:2    | Entered Level 2 of the Orcish Mines
 23988 | Orc:2    | Found a staircase to the Elven Halls.
 24031 | Orc:2    | Reached skill level 1 in Fire Magic
 24541 | Orc:2    | Found Zamyff's Antique Armour Emporium.
 24552 | Orc:2    | Bought the +5 moon troll leather armour {Spirit, Regen++
                  | MP+5} for 1190 gold pieces
 24552 | Orc:2    | Found the +5 moon troll leather armour {Spirit, Regen++
                  | MP+5}
 24712 | Orc:1    | Found Luome's Armour Shop.
 24928 | Orc:1    | Offered knowledge of Spellforged Servitor by Vehumet.
 24942 | Orc:1    | Learned a level 7 spell: Spellforged Servitor
 25440 | Orc:2    | Noticed an orc warlord
 25796 | Orc:2    | Reached skill level 1 in Summonings
 26390 | Orc:2    | Killed an orc warlord
 26530 | Orc:2    | Noticed an orc warlord
 26542 | Orc:2    | Killed an orc warlord
 26997 | Orc:2    | Identified the talisman of death "Vuwn" {rElec Int+3 Dex+3}
 27058 | Orc:2    | Found Ywali's Armour Boutique.
 27058 | Orc:2    | Found Exeachie's Weapon Emporium.
 27060 | Orc:2    | Found Cuafag's Jewellery Shoppe.
 27062 | Orc:2    | Found Yneax's Assorted Antiques.
 27074 | Orc:2    | Bought a scroll of enchant armour for 225 gold pieces
 27074 | Orc:2    | Bought a pair of glowing gloves for 225 gold pieces
 27074 | Orc:2    | Bought a potion of magic for 240 gold pieces
 27140 | Orc:2    | Upgraded the game from 0.31-a0-995-g04711c9635 to
                  | 0.31-a0-996-g3b49de5836
 28002 | D:12     | Found Pacrekk's Armour Shoppe.
 28099 | D:12     | Noticed Fannar
 28107 | D:12     | Killed Fannar
 28574 | D:13     | Offered knowledge of Ozocubu's Refrigeration by Vehumet.
 29457 | D:14     | Reached ****** piety under Vehumet
 30291 | D:14     | Found a gate to the Vaults.
 30532 | D:14     | Reached XP level 15. HP: 90/90 MP: 30/33
 30730 | D:14     | Reached skill level 1 in Air Magic
 30973 | D:15     | Entered Level 15 of the Dungeon
 31231 | D:15     | Found Ludur's Book Boutique.
 31234 | D:15     | Bought a manual of Armour for 960 gold pieces
 31574 | D:15     | Found a shadowy altar of Dithmenos.
 31867 | D:15     | Found Mirodusch's Book Boutique.
 31921 | D:15     | Identified the +1 lajatang "Ocyimemp" {holy, MP+9}
 31980 | D:15     | Found Tauchoef's Distillery.
 31985 | D:15     | Bought a potion of resistance for 140 gold pieces
 31985 | D:15     | Bought a potion of curing for 42 gold pieces
 31985 | D:15     | Bought a potion of might for 56 gold pieces
 31985 | D:15     | Bought a potion of heal wounds for 70 gold pieces
 31985 | D:15     | Bought a potion of berserk rage for 70 gold pieces
 32000 | D:15     | Found Xeboo's Jewellery Emporium.
 32315 | D:15     | Found Imuucyug's Distillery.
 32560 | D:15     | Found a staircase to the Depths.
 33063 | Swamp:1  | Entered Level 1 of the Swamp
 33422 | Swamp:1  | Reached skill level 5 in Summonings
 33577 | Swamp:1  | Offered knowledge of Eringya's Noxious Bog by Vehumet.
 35490 | Swamp:3  | Reached skill level 10 in Evocations
 35490 | Swamp:3  | Reached XP level 16. HP: 96/96 MP: 7/35
 35773 | Swamp:3  | Offered knowledge of Arcjolt by Vehumet.
 35784 | Swamp:3  | Learned a level 5 spell: Arcjolt
 36237 | Swamp:4  | Entered Level 4 of the Swamp
 36259 | Swamp:4  | Noticed Kirke
 36397 | Swamp:4  | Killed Kirke
 36643 | Swamp:4  | Reached skill level 10 in Fighting
 36882 | Swamp:4  | Reached skill level 10 in Armour
 37046 | Swamp:4  | Noticed a thorn hunter
 37049 | Swamp:4  | Killed a thorn hunter
 37058 | Swamp:4  | Reached skill level 5 in Air Magic
 37886 | Swamp:4  | Got a decaying rune of Zot
 38110 | Snake:1  | Entered Level 1 of the Snake Pit
 38377 | Snake:1  | Offered knowledge of Orb of Destruction by Vehumet.
 38393 | Snake:1  | Learned a level 7 spell: Orb of Destruction
 38637 | Snake:1  | Noticed Jorgrun
 38642 | Snake:1  | Killed Jorgrun
 40578 | Snake:2  | Found a transporter.
 40583 | Snake:2  | Found a transporter.
 40907 | Snake:2  | Reached XP level 17. HP: 98/103 MP: 27/37
 41281 | Snake:2  | Found a transporter.
 41288 | Snake:2  | Found a transporter.
 41359 | Snake:2  | Found a transporter.
 41360 | Snake:2  | Found a transporter.
 41792 | Snake:3  | Reached skill level 15 in Spellcasting
 42112 | Snake:3  | Found Synai's Vocational Training.
 42147 | Snake:3  | Found a shimmering altar of Xom.
 42516 | Snake:3  | Found Olifie's Book Shop.
 42516 | Snake:3  | Found Xaerph's Jewellery Emporium.
 42518 | Snake:3  | Found Maoclise's Book Shop.
 42828 | Snake:4  | Entered Level 4 of the Snake Pit
 43084 | Snake:4  | Found a runed translucent door.
 43085 | Snake:4  | Noticed Terghogha's ghost (journeyman DgSh)
 43283 | Snake:4  | Acquired the +0 cloak "Keozxas" {Harm rC+ Dex+4}
 43290 | Snake:4  | Identified the +2 morningstar "Anamutsegaby" {holy, rF+
                  | Int+3}
 45045 | Snake:4  | Offered knowledge of Lehudib's Crystal Spear by Vehumet.
 45045 | Snake:4  | Offered knowledge of Polar Vortex by Vehumet.
 45045 | Snake:4  | Offered knowledge of Maxwell's Capacitive Coupling by
                  | Vehumet.
 45711 | Snake:4  | Got a serpentine rune of Zot
 46006 | Vaults:2 | Identified the "Beqet"
 46006 | Vaults:5 | Identified the of Veup
 46006 | Vaults:5 | Identified the of Coanirun
 46006 | Crypt:3  | Identified the of Ykhogois
 46006 | Desolati | Identified the of Zidiadaic
 46006 | Elf:1    | Entered Level 1 of the Elven Halls
 46011 | Elf:1    | Reached XP level 18. HP: 110/110 MP: 32/39
 46147 | Elf:1    | Found a crumbling gateway.
 46185 | Desolati | Entered the Desolation of Salt
 46590 | Desolati | Upgraded the game from 0.31-a0-996-g3b49de5836 to
                  | 0.31-a0-1001-g770356a28f
 47156 | Desolati | Identified the ring "Qekkiff" {Fly rElec rF+}
 47165 | Desolati | Identified the +2 leather armour of Illae {rPois Int-5
                  | Dex+8 Stlth+}
 47263 | Desolati | Reached skill level 15 in Dodging
 47350 | Desolati | Identified the +0 ring mail of a bazaar {rElec rPois rF-}
 47696 | Desolati | Learned a level 2 spell: Sublimation of Blood
 48283 | Elf:1    | Reached skill level 1 in Necromancy
 48819 | Snake:3  | Bought a manual of Evocations for 800 gold pieces
 49048 | Vaults:1 | Entered Level 1 of the Vaults
 49168 | Vaults:1 | Noticed a lich
 49172 | Vaults:1 | Killed a lich
 49182 | Vaults:1 | Noticed a lich
 49187 | Vaults:1 | Killed a lich
 50116 | Vaults:1 | Reached skill level 15 in Conjurations
 50292 | Vaults:1 | Reached XP level 19. HP: 116/116 MP: 41/41
 50782 | Vaults:1 | You are sucked into a shaft and drop 1 floor!
 51742 | Vaults:1 | Reached skill level 5 in Necromancy
 52442 | Vaults:2 | Noticed ragingrage's ghost (veteran HOFi)
 52454 | Vaults:2 | Found a transporter.
 52464 | Vaults:2 | Found a transporter.
 52726 | Vaults:2 | Found a staircase to the Crypt.
 53467 | Vaults:2 | Reached skill level 15 in Evocations
 53762 | Vaults:3 | Noticed Norris
 53861 | Vaults:3 | Killed Norris
 54033 | Vaults:3 | Reached XP level 20. HP: 113/124 MP: 20/44
 54456 | Vaults:3 | Noticed Nikola
 54581 | Vaults:3 | Killed Nikola
 54830 | Vaults:3 | Noticed Mennas
 54854 | Vaults:3 | Killed Mennas
 55523 | Vaults:3 | Identified the +0 cloak of the Earth {Harm Stlth+}
 56494 | Vaults:4 | Reached skill level 5 in Fire Magic
 56515 | Vaults:4 | Found Orisohob's Book Boutique.
 56522 | Vaults:4 | Paralysed by a formless jellyfish for 1 turns
 56910 | Vaults:4 | Identified the +6 scale mail of the Blizzard {*Corrode
                  | rElec rF+ Regen+}
 57577 | Elf:1    | Found a shimmering blue altar of Sif Muna.
 57731 | Elf:2    | Found a runed translucent gate.
 57731 | Elf:2    | Found a runed translucent gate.
 57992 | Elf:2    | Found a runed translucent gate.
 58351 | Elf:3    | Identified the of Qoptud
 58351 | Elf:3    | Identified the "Cuawuaps"
 58351 | Elf:3    | Entered Level 3 of the Elven Halls
 58586 | Elf:3    | Noticed Zenata
 58809 | Elf:3    | Killed Zenata
 59003 | Elf:3    | Found an ancient bone altar of Kikubaaqudgha.
 59173 | Elf:3    | Reached XP level 21. HP: 109/129 MP: 22/46
 59468 | Elf:3    | Identified the +6 morningstar of the Unspeakable One {pain,
                  | Int+2}
 59471 | Elf:3    | Identified the ring of Xom's Full Attention {Fire +Blink
                  | Str+3 Int+3 Stlth-}
 59516 | Elf:3    | Identified the +7 halberd of Taxation {heavy, rC+}
 59516 | Elf:3    | Identified the amulet "Ameitou" {Reflect Str+2 SH+5}
 59596 | Elf:3    | Identified the +3 dagger of Uguwn {freeze, rF+ Str+4}
 59625 | Elf:3    | Learned a level 6 spell: Plasma Beam
 59692 | Elf:3    | Found the +0 mask of the Dragon {Will+ Slay+3 SInv}
 59711 | Elf:3    | Found the +3 greatsling "Punk" {acid, rCorr}
 59731 | Elf:3    | Identified the +0 ring mail "Vium Zar" {rPois rCorr Stlth+}
 59801 | Elf:3    | Identified the staff of the Shifting Gods {rElec rPois rN+
                  | Str+3 Int+4 Air}
 61484 | Vaults:5 | Entered Level 5 of the Vaults
 62008 | Vaults:5 | Learned a level 4 spell: Manifold Assault
 62039 | Vaults:5 | Reached skill level 10 in Air Magic
 62588 | Vaults:5 | Got a silver rune of Zot
 62593 | Vaults:5 | Identified the +3 rapier "Ebostrujo" {speed, +Blink rPois
                  | Will+ Str-2 Dex+3}
 62644 | Vaults:5 | Reached XP level 22. HP: 137/137 MP: 21/48
 62646 | Vaults:5 | Reached skill level 5 in Translocations
 62736 | Vaults:5 | Identified the ring "Ygat" {rC+ Str+3 Int+6}
 63526 | Vaults:5 | Found the +0 pair of fencer's gloves {Riposte Dex+3}
 63559 | Vaults:5 | Acquired the +7 lajatang of Order {silver, rMut}
 63559 | Vaults:5 | Found the +7 lajatang of Order {silver, rMut}
 63758 | Vaults:5 | Identified the +9 hand axe "Bami" {speed, Will+}
 64342 | Crypt:1  | Entered Level 1 of the Crypt
 64471 | Crypt:1  | Noticed Saint Roka
 64473 | Crypt:1  | Killed Saint Roka
 66126 | Crypt:3  | Entered Level 3 of the Crypt
 66839 | Crypt:3  | Reached XP level 23. HP: 144/144 MP: 50/50
 66882 | Crypt:3  | Found a staircase to the Tomb.
 67412 | Crypt:3  | Noticed a dread lich
 67412 | Crypt:3  | Noticed a dread lich
 67508 | Crypt:3  | Killed a dread lich
 67509 | Crypt:3  | Killed a dread lich
 67543 | Crypt:3  | Noticed a dread lich
 67548 | Crypt:3  | Killed a dread lich
 67549 | Crypt:3  | Reached skill level 15 in Fighting
 67549 | Crypt:3  | Reached skill level 10 in Fire Magic
 67592 | Crypt:3  | Identified the staff of Guvim {rF+ rN+ Str+4 SInv Fire}
 67595 | Crypt:3  | Identified the staff "Tirchuoll" {Fragile rC+ rN+++ rCorr
                  | Conj}
 68026 | Lair:3   | Killed Nessos
 68061 | Lair:3   | Found a staircase to the Swamp.
 68548 | Slime:1  | Entered Level 1 of the Pits of Slime
 69046 | Slime:2  | Gained mutation: You are frail. (-10% HP) [a shining eye]
 70312 | Slime:4  | Gained mutation: Your body sometimes deteriorates upon
                  | taking damage. [a shining eye]
 70746 | Slime:5  | Entered Level 5 of the Pits of Slime
 70766 | Slime:5  | Paralysed by a formless jellyfish for 1 turns
 70908 | Slime:5  | Noticed the Royal Jelly
 71196 | Slime:5  | Found a viscous altar of Jiyva.
 71351 | Slime:5  | Found the +2 hood of the Assassin {Detect Stab+ Stlth++}
 71428 | Slime:5  | Reached XP level 24. HP: 130/136 MP: 49/51
 71466 | Slime:5  | Learned a level 9 spell: Chain Lightning
 71503 | Slime:5  | Found the +8 Wrath of Trog {antimagic, *Rage Rampage}
 71514 | Slime:5  | Found the ring of the Tortoise {AC+8}
 71527 | Slime:5  | Killed the Royal Jelly
 71615 | Slime:5  | Identified the amulet of Youthful Indiscretion {Faith Harm
                  | Dex+5}
 71650 | Slime:5  | Identified the ring of Tutwu {rCorr EV+5 Str+9 Int-5}
 71662 | Slime:5  | Identified the ring of Democracy {Wiz Drain Str+3 Int+2
                  | Stlth+}
 71742 | Slime:5  | Got a slimy rune of Zot
 71747 | Slime:5  | Identified the +2 robe "Deschau" {rCorr Str+4}
 71754 | Slime:5  | Identified the +6 morningstar "Kefim" {freeze, Dex+3}
 72492 | Depths:1 | Entered Level 1 of the Depths
 72492 | Depths:1 | Found a broken altar of Ashenzari.
 72708 | Depths:1 | Identified the +4 war axe of Wisto {flame, rF+ rCorr Dex-3
                  | SInv}
 72903 | Depths:1 | Identified the +2 short sword of the Madman {heavy, +Blink
                  | rN+++ Will- Int-5}
 72914 | Depths:1 | Found a gateway to Hell.
 72922 | Depths:1 | Noticed a juggernaut
 73121 | Depths:1 | Killed a juggernaut
 73303 | Depths:1 | Found a one-way gateway to a ziggurat.
 73343 | Depths:1 | Acquired 546 gold pieces
 73345 | Depths:1 | Identified the +7 shortbow "Dragonslayer" {heavy, Str+2
                  | Int-2 Dex+2}
 73811 | Depths:2 | Noticed the Enchantress
 73813 | Depths:2 | Killed the Enchantress
 73875 | Depths:2 | Noticed Mara
 74111 | Depths:2 | Found Cez Beitao's Book Shoppe.
 74113 | Depths:2 | Found Loodwat's Magic Scroll Shoppe.
 74113 | Depths:2 | Found Vagh's Armour Emporium.
 74118 | Depths:2 | Found Neesh's Jewellery Emporium.
 74121 | Depths:2 | Bought a scroll of butterflies for 40 gold pieces
 74121 | Depths:2 | Bought a scroll of blinking for 75 gold pieces
 74121 | Depths:2 | Bought a scroll of teleportation for 30 gold pieces
 74121 | Depths:2 | Bought a scroll of fear for 40 gold pieces
 74121 | Depths:2 | Bought a scroll of teleportation for 30 gold pieces
 74141 | Depths:2 | Reached skill level 15 in Air Magic
 74197 | Depths:2 | Killed Mara
 74816 | Depths:2 | Found a one-way gate leading to the halls of Pandemonium.
 74975 | Depths:2 | Found a glowing golden altar of the Shining One.
 75390 | Depths:3 | Reached XP level 25. HP: 144/144 MP: 47/53
 75441 | Depths:3 | Lost mutation: Your spells are a little harder to cast, but
                  | a little more powerful. [potion of mutation]
 75441 | Depths:3 | Lost mutation: You are frail. (-10% HP) [potion of
                  | mutation]
 75441 | Depths:3 | Lost mutation: Your body sometimes deteriorates upon taking
                  | damage. [potion of mutation]
 75441 | Depths:3 | Gained mutation: Your natural rate of healing is unusually
                  | fast. [potion of mutation]
 75441 | Depths:3 | Gained mutation: You have a pair of small antennae on your
                  | head. [potion of mutation]
 75441 | Depths:3 | Lost mutation: Your natural rate of healing is unusually
                  | fast. [potion of mutation]
 75540 | Depths:3 | Noticed a juggernaut
 75551 | Depths:3 | Killed a juggernaut
 75678 | Depths:3 | Found a white marble altar of Elyvilon.
 75796 | Depths:3 | Found Keepit's General Store.
 75798 | Depths:3 | Found a one-way gate to the infinite horrors of the Abyss.
 75803 | Depths:3 | Bought a potion of resistance for 120 gold pieces
 75803 | Depths:3 | Bought a potion of ambrosia for 96 gold pieces
 76943 | Depths:4 | Entered Level 4 of the Depths
 77037 | Depths:4 | Found a gate to the Realm of Zot.
 77696 | Depths:4 | Noticed a juggernaut
 77701 | Depths:4 | Killed a juggernaut
 78577 | Depths:3 | Voluntarily entered the Abyss.
 78579 | Abyss:1  | Found a corrupted altar of Lugonu.
 78651 | Abyss:3  | Found a transporter.
 78727 | Abyss:3  | Found a transporter.
 78734 | Abyss:3  | Got an abyssal rune of Zot
 78837 | Abyss:3  | Found a corrupted altar of Lugonu.
 78933 | Depths:3 | Escaped the Abyss
 78999 | Hell     | Entered the Vestibule of Hell
 78999 | Hell     | Noticed Geryon
 79003 | Hell     | Killed Geryon
 79417 | Hell     | Found a gateway to the decaying netherworld of Tartarus.
 79768 | Hell     | Found a gateway to the ashen valley of Gehenna.
 79795 | Hell     | Found a gateway to the Iron City of Dis.
 79882 | Hell     | Reached XP level 26. HP: 168/168 MP: 54/54
 79976 | Hell     | Found a gateway to the freezing wastes of Cocytus.
 80118 | Tomb:3   | Identified the "Vulipliott"
 80118 | Tomb:3   | Identified the "Haneytz"
 80118 | Tomb:3   | Identified the "Coesah"
 80118 | Tar:7    | Identified the "Ocotwar"
 80118 | Coc:1    | Entered Level 1 of Cocytus
 80185 | Coc:1    | Noticed a dread lich
 80191 | Coc:1    | Killed a dread lich
 80426 | Coc:2    | Noticed a dread lich
 80435 | Coc:2    | Killed a dread lich
 81086 | Coc:3    | You are sucked into a shaft and drop 2 floors!
 81617 | Coc:7    | Identified the "Nucus"
 81617 | Coc:7    | Entered Level 7 of Cocytus
 81622 | Coc:7    | Paralysed by a wendigo for 1 turns
 81805 | Coc:7    | Reached skill level 27 in Spellcasting
 81834 | Coc:7    | Reached XP level 27. HP: 176/176 MP: 56/56
 81865 | Coc:7    | Noticed the Serpent of Hell
 81869 | Coc:7    | Killed the Serpent of Hell
 81995 | Coc:7    | Noticed an ancient lich
 82023 | Coc:7    | Killed an ancient lich
 82576 | Coc:7    | Noticed a dread lich
 82580 | Coc:7    | Killed a dread lich
 83363 | Coc:7    | Noticed Antaeus
 83412 | Coc:7    | Killed Antaeus
 83705 | Coc:7    | Got an icy rune of Zot
 83711 | Coc:7    | Identified the +3 leather armour "Enutiat" {Will- Dex+7
                  | SInv}
 83891 | Zot:1    | Entered Level 1 of the Realm of Zot
 85795 | Tomb:1   | Entered Level 1 of the Tomb of the Ancients
 86428 | Geh:1    | Entered Level 1 of Gehenna
 86430 | Geh:1    | Reached skill level 1 in Shapeshifting
 86440 | Geh:1    | Reached skill level 5 in Shapeshifting
 87647 | Geh:4    | Reached skill level 10 in Shapeshifting
 88653 | Geh:7    | Identified the "Wubit"
 88653 | Geh:7    | Entered Level 7 of Gehenna
 89651 | Geh:7    | Reached skill level 15 in Shapeshifting
 89745 | Geh:7    | Found the ring of the Hare {EV+10}
 89746 | Geh:7    | Identified the +2 lajatang of the Hierophant {drain, rN++}
 90170 | Geh:7    | Found the +13 sceptre of Asmodeus
 90170 | Geh:7    | Noticed Asmodeus
 90179 | Geh:7    | Killed Asmodeus
 90241 | Geh:7    | Got an obsidian rune of Zot
 90388 | Tar:1    | Entered Level 1 of Tartarus
 90409 | Hell     | Acquired 570 gold pieces
 90476 | Dis:1    | Entered Level 1 of the Iron City of Dis
 90661 | Dis:1    | Learned a level 9 spell: Fire Storm
 90728 | Hell     | Learned a level 8 spell: Lehudib's Crystal Spear
 90784 | Dis:1    | Noticed an ancient lich
 90794 | Dis:1    | Killed an ancient lich
 90933 | Dis:1    | You are sucked into a shaft and drop 1 floor!
 91488 | Dis:3    | Reached skill level 1 in Earth Magic
 92621 | Dis:6    | Reached skill level 5 in Earth Magic
 92932 | Dis:7    | Entered Level 7 of the Iron City of Dis
 94057 | Dis:7    | Noticed a juggernaut
 94059 | Dis:7    | Killed a juggernaut
 94441 | Dis:7    | Reached skill level 15 in Fire Magic
 94443 | Dis:7    | Noticed a juggernaut
 94445 | Dis:7    | Killed a juggernaut
 94797 | Dis:7    | Noticed a juggernaut
 94799 | Dis:7    | Killed a juggernaut
 95396 | Dis:7    | Noticed Dispater
 95411 | Dis:7    | Killed Dispater
 95632 | Dis:7    | Identified the staff "Kaum" {rPois Earth}
 95634 | Dis:7    | Identified the +6 sling of the Shark {flame, rN+ Int+2
                  | Dex+2 Stlth+}
 95643 | Dis:7    | Got an iron rune of Zot
 97221 | Tar:2    | Noticed an ancient lich
 97223 | Tar:2    | Killed an ancient lich
 97841 | Tar:7    | Entered Level 7 of Tartarus
 99897 | Tar:7    | Identified the +11 halberd "Iviq Adu" {speed, rElec Str+6
                  | Dex-5}
 99899 | Tar:7    | Identified the +7 scimitar of Shame {pain, +Blink rPois rN+
                  | Int-4}
100330 | Tar:7    | Noticed Ereshkigal
100335 | Tar:7    | Killed Ereshkigal
100513 | Tar:7    | Identified the +6 ring mail of Analysis {rElec rC- Stlth+}
100518 | Tar:7    | Identified the amulet "Uruastruo" {Acrobat Str+4}
100525 | Tar:7    | Got a bone rune of Zot
100532 | Tar:7    | Identified the +0 scimitar of Ycisch {venom, rElec rN+++
                  | Stlth+}
100687 | Tar:7    | Identified the +0 mace "Quchidd" {flame, rPois Int+3}
101939 | Tomb:1   | Noticed a royal mummy
101942 | Tomb:1   | Killed a royal mummy
102209 | Tomb:1   | Noticed a royal mummy
102213 | Tomb:1   | Killed a royal mummy
102321 | Tomb:1   | Noticed a royal mummy
102325 | Tomb:1   | Killed a royal mummy
103157 | Tomb:2   | Noticed a royal mummy
103157 | Tomb:2   | Noticed a royal mummy
103157 | Tomb:2   | Noticed a royal mummy
103165 | Tomb:2   | Killed a royal mummy
103165 | Tomb:2   | Killed a royal mummy
103165 | Tomb:2   | Noticed a royal mummy
103166 | Tomb:2   | Killed a royal mummy
103168 | Tomb:2   | Killed a royal mummy
103748 | Tomb:1   | Noticed a royal mummy
103749 | Tomb:1   | Noticed a royal mummy
103750 | Tomb:1   | Noticed a royal mummy
103750 | Tomb:1   | Noticed a royal mummy
103751 | Tomb:1   | Killed a royal mummy
103753 | Tomb:1   | Killed a royal mummy
103754 | Tomb:1   | Killed a royal mummy
103758 | Tomb:1   | Killed a royal mummy
103766 | Tomb:1   | Noticed a royal mummy
103773 | Tomb:1   | Killed a royal mummy
103773 | Tomb:1   | Noticed a royal mummy
103783 | Tomb:1   | Killed a royal mummy
103791 | Tomb:1   | Noticed a royal mummy
103792 | Tomb:1   | Noticed a royal mummy
103804 | Tomb:1   | Killed a royal mummy
103806 | Tomb:1   | Killed a royal mummy
103837 | Tomb:1   | Noticed a royal mummy
103845 | Tomb:1   | Killed a royal mummy
104048 | Tomb:1   | Noticed a royal mummy
104054 | Tomb:1   | Killed a royal mummy
104113 | Tomb:1   | Noticed a royal mummy
104118 | Tomb:1   | Killed a royal mummy
104149 | Tomb:1   | Noticed a royal mummy
104151 | Tomb:1   | Killed a royal mummy
104151 | Tomb:1   | Noticed a royal mummy
104153 | Tomb:1   | Killed a royal mummy
104293 | Tomb:1   | Noticed a royal mummy
104293 | Tomb:1   | Noticed a royal mummy
104296 | Tomb:1   | Noticed a royal mummy
104301 | Tomb:1   | Killed a royal mummy
104309 | Tomb:1   | Killed a royal mummy
104309 | Tomb:1   | Noticed a royal mummy
104310 | Tomb:1   | Noticed a royal mummy
104310 | Tomb:1   | Noticed a royal mummy
104311 | Tomb:1   | Killed a royal mummy
104314 | Tomb:1   | Killed a royal mummy
104316 | Tomb:1   | Killed a royal mummy
104330 | Tomb:1   | Killed a royal mummy
104654 | Tomb:3   | Entered Level 3 of the Tomb of the Ancients
104700 | Tomb:3   | Noticed a royal mummy
104758 | Tomb:3   | Noticed a royal mummy
104761 | Tomb:3   | Noticed a royal mummy
104762 | Tomb:3   | Killed a royal mummy
104764 | Tomb:3   | Killed a royal mummy
104791 | Tomb:3   | Noticed a royal mummy
104795 | Tomb:3   | Noticed a royal mummy
104797 | Tomb:3   | Killed a royal mummy
104800 | Tomb:3   | Killed a royal mummy
104806 | Tomb:3   | Noticed a royal mummy
104808 | Tomb:3   | Killed a royal mummy
104940 | Tomb:3   | Noticed a royal mummy
104951 | Tomb:3   | Killed a royal mummy
104955 | Tomb:3   | Found the +9 sword of Zonguldrok {reap}
104961 | Tomb:3   | Identified the +6 storm dragon scales of a ziggurat {rElec
                  | Str+6 Stlth-}
105054 | Tomb:3   | Noticed a royal mummy
105058 | Tomb:3   | Killed a royal mummy
105059 | Tomb:3   | Killed a royal mummy
105135 | Tomb:3   | Identified the +2 leather armour of Watchfulness {rElec
                  | rPois Str-3 Int+3}
105208 | Tomb:3   | Noticed a royal mummy
105212 | Tomb:3   | Killed a royal mummy
105616 | Tomb:3   | Got a golden rune of Zot
106082 | Pan      | Entered Pandemonium
107467 | Pan      | Found a glowing silver altar of Zin.
107735 | Pan      | Identified the ring of Sihauxar {Contam +Blink rC+ rCorr
                  | Str+5}
107735 | Pan      | Noticed a seraph
107740 | Pan      | Killed a seraph
107804 | Pan      | Found a glowing golden altar of the Shining One.
107827 | Pan      | Identified the +2 long sword of Vanity {pain, rElec rC+
                  | Str+2 Dex+2}
107832 | Pan      | Got a demonic rune of Zot
107915 | Pan      | Identified the +1 pair of boots of Wu Jian's Favour {rPois
                  | Dex+7 Stlth-}
109067 | Pan      | Noticed Idilan the pandemonium lord
109070 | Pan      | Killed Idilan the pandemonium lord
109344 | Pan      | Noticed Fadoicuto the pandemonium lord
109350 | Pan      | Killed Fadoicuto the pandemonium lord
109773 | Pan      | Entered the realm of Gloorx Vloq.
110051 | Pan      | Found an exit through the horrors of the Abyss.
110820 | Pan      | Noticed Gloorx Vloq
110828 | Pan      | Killed Gloorx Vloq
111029 | Pan      | Got a dark rune of Zot
112128 | Pan      | Noticed Buiciseg the pandemonium lord
112472 | Pan      | Killed Buiciseg the pandemonium lord
112476 | Pan      | Identified the +7 longbow of Winter {freeze, Fly}
112482 | Pan      | Reached skill level 27 in Conjurations
112613 | Pan      | Found a runed translucent door.
112619 | Pan      | Entered the realm of Mnoleg.
112649 | Pan      | Found an exit through the horrors of the Abyss.
113258 | Pan      | Noticed Mnoleg
113263 | Pan      | Killed Mnoleg
113276 | Pan      | Got a glowing rune of Zot
113718 | Pan      | Noticed Duimym the pandemonium lord
113725 | Pan      | Killed Duimym the pandemonium lord
113945 | Pan      | Found an exit through the horrors of the Abyss.
114102 | Pan      | Noticed Acyv the pandemonium lord
114107 | Pan      | Killed Acyv the pandemonium lord
114177 | Pan      | Identified the "Jim Sedu"
114199 | Pan      | Entered the realm of Cerebov.
114520 | Pan      | Identified the +10 spear of Dismemberment {protect, Dex+3}
114564 | Pan      | Identified the +3 sling "Ceceis" {drain, rF- Str+4}
114603 | Pan      | Identified the +6 great sword of Ohoxt {venom, rF+ Str-3
                  | Dex+7}
114713 | Pan      | Identified the ring "Allann" {rCorr Str+6 Dex+2 Slay-3}
114723 | Pan      | Identified the ring "Guojig" {EV+5 Int+3 Dex+2}
114723 | Pan      | Identified the +5 battleaxe "Hathoagari" {flame, rC++ Dex+2
                  | Stlth+}
114723 | Pan      | Identified the ring of the Unbearable God {rElec rC+ rCorr
                  | Int+3 SInv}
114773 | Pan      | Identified the +3 short sword of Ameereos {flame, *Noise
                  | rF++ rN+}
114788 | Pan      | Found the +6 sword of Cerebov {flame}
114788 | Pan      | Noticed Cerebov
114796 | Pan      | Killed Cerebov
114811 | Pan      | Got a fiery rune of Zot
114843 | Pan      | Identified the staff of Doom {Str+4 Int+3 Conj}
114975 | Pan      | Entered the realm of Lom Lobon.
115003 | Pan      | Found an exit through the horrors of the Abyss.
116315 | Pan      | Noticed Lom Lobon
116412 | Pan      | Killed Lom Lobon
116480 | Pan      | Got a magical rune of Zot
116942 | Pan      | Took an exit into the Abyss.
116942 | Abyss:3  | Escaped into the Abyss
116951 | Depths:2 | Escaped the Abyss
117712 | Zot:3    | Reached skill level 27 in Evocations
117760 | Zot:3    | Found a transporter.
118695 | Zot:3    | Found a transporter.
119576 | Zot:4    | Noticed an orb of fire
119581 | Zot:4    | Killed an orb of fire
119905 | Zot:5    | Entered Level 5 of the Realm of Zot
120294 | Zot:5    | Noticed an ancient lich
120297 | Zot:5    | Killed an ancient lich
120423 | Zot:5    | Noticed an orb of fire
120427 | Zot:5    | Killed an orb of fire
120541 | Zot:5    | Noticed a dread lich
120544 | Zot:5    | Killed a dread lich
120582 | Zot:5    | Noticed an ancient lich
120588 | Zot:5    | Killed an ancient lich
120592 | Zot:5    | Noticed an ancient lich
120595 | Zot:5    | Killed an ancient lich
120597 | Zot:5    | Noticed a dread lich
120599 | Zot:5    | Killed a dread lich
120751 | Zot:5    | Noticed an orb of fire
120754 | Zot:5    | Killed an orb of fire
120910 | Zot:5    | Noticed an ancient lich
120912 | Zot:5    | Killed an ancient lich
120960 | Zot:5    | Noticed an ancient lich
120973 | Zot:5    | Got the Orb of Zot
120974 | Zot:5    | Noticed an orb of fire
120978 | Zot:5    | Killed an orb of fire
121814 | D:4      | Found a staircase to the Ecumenical Temple.
121967 | D:$      | Escaped with the Orb!

Illustrated notes

Levels and vault maps discovered:
D:1:      dpeg_arrival_tiny_b, layout_basic
D:2:      layout_rooms, chequers_ecumenical_altar_lobes, grunt_decor_one_mirror
D:3:      layout_basic, minmay_ruptured
D:4:      layout_loops_ring, mainiacjoe_overflow_boulevard, temple_hall,
          serial_bayou_pond_b, minmay_divided_ellipse, uniq_natasha
D:5:      layout_basic, nicolae_vehumet_altar_sigil, uniq_sigmund
D:6:      layout_basic, grunt_temple_overflow_open,
          mainiacjoe_overflow_alcove_2, ebering_ghost_disaster_area,
          lightli_sewer_entry_pipes, kennysheep_generic_room_12, uniq_jeremiah,
          uniq_blork_the_orc, uniq_maggie
D:7:      layout_basic
D:8:      layout_loops_corners, uniq_erica
D:9:      layout_roguey, riverfiend_overflow_shadow_ancestor, lair_entry_dummy,
          enter_bailey_2
D:10:     layout_basic, grunt_gozag_breadcrumbs, minmay_misc_feat_columns
D:11:     layout_cave_pools, david_orc_2, uniq_erolcha
D:12:     layout_roguey, serial_shops, nicolae_shop_rolling_square, uniq_fannar
D:13:     layout_cave_pods, kennysheep_generic_room_11
D:14:     layout_gridville, hellmonk_vaults_attempted_burglary, serial_glass,
          glass_columns_a, glass_columns_a, glass_columns_b, glass_columns_b,
          glass_columns_a, serial_park_square2, einodemon_crawler_minivault
D:15:     grunt_enter_depths_magical_seal, layout_layer_cave, minmay_hedge_maze,
          serial_shops, nicolae_shop_window_shopping,
          nicolae_shop_temple_entry_statues_fountains,
          nicolae_shop_hallway_stairs, nicolae_shop_back_alley_shop, shop,
          grunt_dithmenos_smoke_and_mirrors
Lair:1:   layout_regular_city
Lair:2:   layout_loops_ring, guppyfry_snake_entry_island,
          minmay_lair_oklob_bushes
Lair:3:   layout_loops_ring, swamp_mist, hellmonk_talismancer, uniq_nessos
Lair:4:   wad_woods_settlement, layout_small_grid, portal_ice_cave_entry_imps
Lair:5:   minmay_lair_end_frog_pond, layout_cave_shapes,
          dpeg_slime_entry_enclosed, serial_bayou_shore_a
Swamp:1:  layout_basic_swamp, hangedman_swamp_ruin_wall, swamp_pool_1_2,
          nicolae_swamp_treefoil, infiniplex_staircase_pool
Swamp:2:  layout_basic_swamp, evilmike_swamp_ruin_house_6
Swamp:3:  layout_basic_swamp, nicolae_swamp_bean_lake
Swamp:4:  swamp_alternative, layout_basic_swamp, uniq_kirke
Snake:1:  layout_layer_cave, grunt_ministairs_3, uniq_jorgrun
Snake:2:  layout_onion, serial_nicolae_subway, nicolae_sub_station_metal,
          nicolae_sub_station_crystal, nicolae_sub_station_stone
Snake:3:  layout_basic, basic_altar, grunt_ministairs_11,
          nicolae_shop_vocational, minmay_shop_grove
Snake:4:  snake_pit, layout_cave_town, ebering_ghost_reflecting_pool,
          nicolae_snake_squiggles, drop_trap
Slime:1:  layout_caves
Slime:2:  layout_caves
Slime:3:  layout_caves
Slime:4:  layout_caves, special_room [special_room_jelly]
Slime:5:  slime_pit_nicolae_trefoil
Orc:1:    layout_diamond_mine, serial_shops,
          nicolae_shop_temple_entry_statues_fountains
Orc:2:    st_orc_rangers, layout_caves, serial_shops,
          nicolae_shop_tiny_waterfront, minmay_orc_treasury
Elf:1:    elf_arrival_001, layout_geoelf_octagon,
          portal_desolation_entry_nicolae_nacl, hangedman_corner_corridor,
          minmay_fountain_box, lemuel_upstairs_altar
Elf:2:    elven_hall_of_blades_hangedman_original
          [nicolae_blade_entry_crossed_weapons], layout_rooms, serial_sigils,
          serial_sigils_hangedman_stare, serial_sigils_hangedman_scar,
          serial_sigils_hangedman_gnaw
Elf:3:    minmay_elf_hall_not_hex, layout_geoelf_castle, basic_altar,
          uniq_zenata
Vaults:1: nicolae_vaults_trapezoid_lopsided_2, hangedman_vaults_restitches,
          nicolae_vaults_trapezoid_lopsided_4, nicolae_vaults_trapezoid_3,
          nicolae_vaults_specimen_jars, vaults_dpeg_diagonal,
          nicolae_vaults_cochlea, nicolae_vaults_closet_pinwheel_4,
          nicolae_vaults_library_corner, nicolae_vaults_little_squares_4,
          ontoclasm_vaults_decontamination, layout_vaults_omnigrid
Vaults:2: gammafunk_ghost_arena, vaults_room_grid,
          minmay_crypt_entry_skeletal_spiral,
          nicolae_vaults_thirteen_compartments,
          nicolae_vaults_offset_grid_hallway_3,
          nicolae_vaults_storage_closets_1, nicolae_vaults_six-pack,
          nicolae_vaults_mini_display_case, nicolae_vaults_tetromino_T_2,
          v_misc_10, layout_vaults_maze_bifur, serial_glass
Vaults:3: nicolae_vaults_more_shelving_1, nicolae_vaults_trapezoid_3, v_misc_11,
          v_pattern_2, nicolae_vaults_storage_room_glass,
          nicolae_vaults_an_arrangement, grunt_vaults_hallway_short,
          nicolae_vaults_little_squares_2, nicolae_vaults_diagonal_hallway_8,
          hangedman_vaults_capsules, nicolae_vaults_frosty_reception,
          nicolae_vaults_closet_pinwheel_5, layout_vaults_omnibox, uniq_mennas,
          uniq_nikola, uniq_norris
Vaults:4: vaults_room_large_hall, nicolae_vaults_apartment_1,
          hangedman_vaults_stagger, v_misc_22, nicolae_vaults_closet_pinwheel_6,
          nicolae_vaults_double_plus_3, vaults_dpeg_cross,
          nicolae_vaults_sightless_eye, ontoclasm_vaults_misaligned,
          dpeg_vaults_hating_casters, nicolae_vaults_closet_pinwheel_1,
          ontoclasm_vaults_loading_screen, nicolae_vaults_trapezoid_3,
          vaults_room_fours, vaults_dpeg_spiral, layout_vaults_ring,
          serial_shops, shop
Vaults:5
Crypt:1:  layout_misc_corridors, uniq_saint_roka
Crypt:2:  layout_catacombs, serial_library_hellmonk_semicircle,
          grunt_ministairs_15
Crypt:3:  david_glass_crypt, layout_chaotic_city, serial_co_window_serial,
          co_window_paths_a, co_window_corner_a, co_window_paths_b,
          co_window_corner_a, co_window_corner_a, co_window_corner_b,
          co_window_2corner, co_window_of_opportunity_b, co_window_paths_d,
          glass_columns_c, glass_columns_c
Tomb:1
Tomb:2
Tomb:3
Depths:1: minmay_bad_star, layout_cave_pools, enter_ziggurat_d,
          bh_walls_and_bars, hell_entry, kennysheep_minor_cross,
          minmay_misc_feat_five, ashenzari_altar_1
Depths:2: dreamdust_hydra_shepherd, layout_honeycomb,
          serial_library_hellmonk_h_bend, rand_demon_pan_entry_3, hell_entry,
          tso_altar, minmay_staircase_statues, minmay_shoptagon,
          uniq_enchantress, uniq_mara
Depths:3: nicolae_legendary_halls, layout_basic,
          nicolae_elyvilon_peaceful_grove, serial_shops,
          nicolae_shop_tiny_real_fake_doors, abyss_entry, grunt_mini_vestibule
Depths:4: evilmike_zot_entry_round, layout_honeycomb, hell_entry,
          kilobyte_mutagenic_chamber
Hell
Dis:1:    layout_subdivisions
Dis:2:    nicolae_dis_pentagon_1, layout_jigsaw
Dis:3:    layout_gridville, nicolae_dis_strange_trophy_room
Dis:4:    layout_subdivisions
Dis:5:    layout_overlapping_boxes
Dis:6:    layout_subdivisions
Dis:7:    dis_hangedman
Geh:1:    layout_gehenna_pools_box
Geh:2:    layout_gehenna_lava_caves
Geh:3:    nicolae_geh_realm_of_the_lava_sea
Geh:4:    layout_gehenna_pools_box
Geh:5:    layout_gehenna_lava_caves
Geh:6:    layout_gehenna_lava_caves
Geh:7:    geh_grunt
Coc:1:    nicolae_coc_three_mouths, layout_cocytus_delve, special_room
          [special_room_morgue]
Coc:2:    layout_ice_bergs
Coc:3:    layout_cocytus_delve
Coc:5:    layout_ice_bergs
Coc:6:    layout_ice_bergs, nicolae_hells_seeping_fissure
Coc:7:    coc_grunt_cove [coc_grunt_cove_antaeus, coc_grunt_cove_fiend,
          coc_grunt_cove_fiend, coc_grunt_cove_fiend, coc_grunt_cove_fiend]
Tar:1:    layout_grid_maze
Tar:2:    hangedman_tartarus_temple_path, layout_cathedral_of_symmetry
Tar:3:    layout_grid_maze
Tar:4:    layout_honeycomb, nicolae_tar_cuneiform_oil
Tar:5:    layout_honeycomb
Tar:6:    layout_grid_maze
Tar:7:    tar_minmay_river
Zot:1:    layout_gridlike, regret_index_zotdec_dark_gr
Zot:2:    layout_basic, regret_index_zotdec_glowing_original
Zot:3:    gammafunk_its_a_trap, layout_twisted_circle,
          regret_index_zotdec_split_disrupt, st_stairs_7, drop_trap
Zot:4:    layout_misc_corridors, grunt_ministairs_13,
          hangedman_elemental_grid_stream
Zot:5:    layout_basic

Skill      XL: |  1  2  3  4  5  6  7  8  9 10 11 12 13 14 15 16 17 18 19 20 21 22 23 24 25 26 27 |
---------------+----------------------------------------------------------------------------------+-----
Dodging        | 3 4 5 6 8 9 10 11 12 13 14 15 16 17 18 19 21 | 21.3
Conjurations   | 1 2 3 4 5 6 7 8 9 10 11 12 13 14 15 16 17 18 20 21 27 | 27.0
Fighting       | 3 4 5 6 7 8 9 10 11 12 13 14 15 16 17 18 24 | 24.6
Spellcasting   | 1 2 3 4 5 7 8 9 10 11 12 13 14 15 16 18 19 20 21 22 24 25 27 | 27.0
Short Blades   | 3 |  3.0
Staves         | 2 4 6 7 9 10 11 12 | 12.0
Armour         | 3 4 5 6 7 8 9 10 12 13 | 13.4
Evocations     | 3 4 6 7 8 10 11 12 13 15 17 18 19 27 | 27.0
Translocations | 1 4 5 |  5.6
Fire Magic     | 3 6 8 9 12 23 | 23.9
Summonings     | 3 5 |  5.0
Air Magic      | 4 6 7 8 10 12 13 15 17 18 24 | 24.7
Necromancy     | 3 7 8 |  8.5
Shapeshifting  | 25 | 25.0
Earth Magic    | 7 |  7.5
Stealth        | |  6.3

Action                     |  1- 3 |  4- 6 |  7- 9 | 10-12 | 13-15 | 16-18 | 19-21 | 22-24 | 25-27 || total
---------------------------+-------+-------+-------+-------+-------+-------+-------+-------+-------++-------
  Melee: Short sword       |   117 |   106 |    27 |       |       |       |       |       |       ||   250
         Punch             |     1 |       |     1 |     2 |     2 |     2 |     1 |       |       ||     9
         Quarterstaff      |       |       |   218 |    11 |       |       |       |       |       ||   229
         Staff             |       |       |       |    90 |    89 |   100 |    77 |    26 |   619 ||  1001
   Cast: Magic Dart        |    26 |    64 |   160 |    10 |    49 |       |       |       |       ||   309
         Stone Arrow       |       |       |    34 |   286 |   219 |       |       |       |       ||   539
         Static Discharge  |       |       |     4 |     1 |       |       |       |       |       ||     5
         Iskenderun's Myst |       |       |       |    52 |    89 |    71 |    74 |    46 |    56 ||   388
         Fireball          |       |       |       |     8 |   194 |   351 |   390 |   104 |    85 ||  1132
         Iskenderun's Batt |       |       |       |       |    90 |    35 |    18 |     1 |       ||   144
         Conjure Ball Ligh |       |       |       |       |     3 |       |     2 |     3 |     3 ||    11
         Blink             |       |       |       |       |     1 |       |     2 |     1 |     5 ||     9
         Arcjolt           |       |       |       |       |       |    36 |    42 |    34 |    26 ||   138
         Orb of Destructio |       |       |       |       |       |    54 |    31 |    10 |    17 ||   112
         Spellforged Servi |       |       |       |       |       |    22 |    23 |     2 |    20 ||    67
         Sublimation of Bl |       |       |       |       |       |     4 |    50 |    39 |   290 ||   383
         Plasma Beam       |       |       |       |       |       |       |    25 |   490 |   533 ||  1048
         Manifold Assault  |       |       |       |       |       |       |     1 |       |    10 ||    11
         Chain Lightning   |       |       |       |       |       |       |       |       |  1523 ||  1523
         Lehudib's Crystal |       |       |       |       |       |       |       |       |   154 ||   154
         Fire Storm        |       |       |       |       |       |       |       |       |    17 ||    17
Ability: Evoke Damnation   |       |       |       |       |       |       |       |       |    13 ||    13
         Begin Untransform |       |       |       |       |       |       |       |       |     2 ||     2
         Siphon Essence    |       |       |       |       |       |       |       |       |     1 ||     1
  Evoke: Wand              |     2 |     1 |       |     5 |     5 |     5 |     3 |     5 |    27 ||    53
    Use: Scroll            |    10 |       |    11 |    18 |     5 |     4 |     7 |     5 |    14 ||    74
         Potion            |       |     4 |     6 |     3 |       |     2 |     3 |     2 |    10 ||    30
   Stab: Sleeping          |    16 |     2 |     7 |       |     1 |       |     1 |       |     1 ||    28
         Distracted        |       |       |       |       |       |     1 |       |       |     4 ||     5
 Armour: Leather armour    |    44 |    54 |    82 |       |       |       |       |       |       ||   180
         Swamp dragon scal |       |       |    80 |    10 |       |       |       |       |       ||    90
         Acid dragon scale |       |       |       |   159 |    19 |       |       |       |       ||   178
         Skin              |       |       |       |     5 |       |       |       |       |       ||     5
         Troll leather arm |       |       |       |       |   123 |   119 |   116 |    98 |   749 ||  1205
  Dodge: Dodged            |    46 |    42 |   178 |   189 |   199 |   160 |   147 |   140 |   764 ||  1865
         Repelled          |       |       |       |       |     3 |    13 |     3 |     9 |    29 ||    57
Riposte: Staff             |       |       |       |       |       |       |       |    28 |   142 ||   170
   Form: Death             |       |       |       |       |       |       |       |       |     3 ||     3

Table legend: (Time is in decaauts)
 A = Elapsed time spent in this place.
 B = Non-inter-level travel time spent in this place.
 C = Inter-level travel time spent in this place.
 D = Time resting spent in this place.
 E = Time spent auto-exploring this place.
 F = Levels seen in this place.
 G = Mean time per level.
                   A        B        C        D        E       F      G
               +--------+--------+--------+--------+--------+-----+--------+
         Total | 121801 | 113675 |   8126 |  30967 |  62498 | 103 | 1182.5 |
       Dungeon |  20111 |  17732 |   2379 |   3878 |  10385 |  15 | 1340.7 |
          Lair |  10899 |   9889 |   1010 |   3780 |   4328 |   5 | 2179.8 |
         Swamp |   5002 |   4836 |    166 |   2170 |   2065 |   4 | 1250.5 |
     Snake Pit |   7905 |   7637 |    268 |   2769 |   3952 |   4 | 1976.2 |
    Slime Pits |   3677 |   3518 |    159 |    997 |   1903 |   5 |  735.4 |
  Orcish Mines |   3599 |   3354 |    245 |   1260 |   1528 |   2 | 1799.5 |
   Elven Halls |   4944 |   4631 |    313 |    812 |   3097 |   3 | 1648.0 |
        Vaults |  11552 |  10640 |    912 |   3089 |   5975 |   5 | 2310.4 |
         Crypt |   3787 |   3220 |    567 |    472 |   2261 |   3 | 1262.3 |
          Tomb |   4377 |   4103 |    274 |   1061 |   1978 |   3 | 1459.0 |
        Depths |   6752 |   6099 |    653 |   1348 |   3990 |   4 | 1688.0 |
          Hell |   1804 |   1513 |    291 |    788 |    519 |   1 | 1804.0 |
           Dis |   5055 |   4759 |    296 |   1396 |   2533 |   7 |  722.1 |
       Gehenna |   3757 |   3638 |    119 |    776 |   2132 |   7 |  536.7 |
       Cocytus |   3690 |   3632 |     58 |    955 |   1804 |   6 |  615.0 |
      Tartarus |   5028 |   4882 |    146 |   1406 |   2574 |   7 |  718.3 |
           Zot |   5609 |   5346 |    263 |    902 |   3638 |   5 | 1121.8 |
         Abyss |    363 |    363 |      0 |      5 |    158 |   4 |   90.8 |
   Pandemonium |  10766 |  10766 |      0 |   1594 |   7039 |  11 |  978.7 |
        Bailey |   1600 |   1600 |      0 |    968 |    160 |   1 | 1600.0 |
    Desolation |   1513 |   1513 |      0 |    540 |    478 |   1 | 1513.0 |
               +--------+--------+--------+--------+--------+-----+--------+

Top non-repeatable levels by time:
   Tar:7: 3332 daAuts
  Lair:4: 3119 daAuts
Vaults:2: 2812 daAuts
   Dis:7: 2659 daAuts
 Snake:4: 2602 daAuts
  Tomb:1: 2563 daAuts
   Orc:2: 2543 daAuts
Vaults:1: 2418 daAuts
 Snake:1: 2400 daAuts
  Lair:3: 2342 daAuts
Vaults:4: 2301 daAuts
Depths:3: 2244 daAuts
Vaults:5: 2216 daAuts
    D:14: 2202 daAuts
   Coc:7: 2193 daAuts
